 Dungeon Crawl Stone Soup version 0.22.1-1-ga44c0e56f4 (webtiles) character file.

14767 Bapho the Brawler (level 11, -3/117 HPs)
             Began as a Troll Monk on Sept 19, 2018.
             Was a High Priest of Nemelex Xobeh.
             Slain by a freezing wraith (8 damage)
             ... led by a death knight
             ... on level 13 of the Dungeon.
             The game lasted 00:24:38 (9437 turns).

Bapho the Brawler (Troll Monk)                      Turns: 9437, Time: 00:24:39

Health: -3/117     AC: 13    Str: 24    XL:     11   Next: 93%
Magic:  10/10      EV: 10    Int:  9    God:    Nemelex Xobeh [*****.]
Gold:   374        SH:  0    Dex: 12    Spells: 10/10 levels left

rFire    . . .     SeeInvis +     - Unarmed
rCold    . . .     Gourm    +   (no shield)
rNeg     + . .     Faith    .   X - +0 steam dragon scales
rPois    +         Spirit   .   Y - +1 hat {MR+}
rElec    .         Reflect  .   F - +3 cloak "Ytiycim" {*Drain +Inv rN+ Int+3}
rCorr    .         Harm     .   (gloves unavailable)
MR       +....     Rnd*Tele +   (boots unavailable)
Stlth    ++........             (no amulet)
HPRegen  0.69/turn              s - ring of poison resistance
MPRegen  0.12/turn              B - ring of see invisible

@: slowed, very slow
A: large, unfitting armour, claws 3, talons 1, blink, fast metabolism 3,
gourmand, regeneration 1, shaggy fur 1, teleportitis 1, tough skin 2
a: Blink, Triple Draw, Deal Four, Stack Five, Renounce Religion, Evoke
Invisibility


You were on level 13 of the Dungeon.
You worshipped Nemelex Xobeh.
Nemelex Xobeh was extremely pleased with you.
You were full.

You visited 1 branch of the dungeon, and saw 11 of its levels.
You also visited: Ossuary.

You collected 630 gold pieces.
You spent 256 gold pieces at shops.

Inventory:

Missiles
 e - 262 stones (quivered)
 h - 3 large rocks
Armour
 F - the +3 cloak "Ytiycim" (worn) {*Drain +Inv rN+ Int+3}
   (You bought it in a shop on level 13 of the Dungeon)

   It affects your intelligence (+3).
   It protects you from negative energy.
   It lets you turn invisible.
   It causes draining when unequipped.
 X - +0 steam dragon scales (worn)
 Y - a +1 hat of magic resistance (worn)
Jewellery
 a - an uncursed amulet of harm {unknown}
 s - a ring of poison resistance (left claw)
 t - a +4 ring of intelligence
 v - an uncursed amulet of faith
 B - a ring of see invisible (right claw)
 D - an uncursed ring of magical power
 E - a +4 amulet of reflection {unknown}
Wands
 Q - a wand of disintegration (10)
 T - a wand of enslavement (18)
 V - a wand of acid (9)
 W - a wand of flame (19)
Scrolls
 c - a scroll of fog {unknown}
 d - 3 scrolls of remove curse
 f - 2 scrolls of fear {unknown}
 j - 9 scrolls of teleportation {unknown}
 k - 3 scrolls of enchant armour {unknown}
 o - a scroll of identify
 q - 4 scrolls of enchant weapon {unknown}
 C - 2 scrolls of vulnerability {unknown}
 H - a scroll of blinking {unknown}
 L - 3 scrolls of magic mapping {unknown}
 M - a scroll of torment {unknown}
 O - a scroll of immolation {unknown}
 R - a scroll of amnesia {unknown}
Potions
 l - 3 potions of heal wounds
 m - 2 potions of magic
 n - 2 potions of flight {unknown}
 p - a potion of agility
 u - a potion of ambrosia {unknown}
 x - 3 potions of might
 z - a potion of curing {unknown}
 A - 4 potions of brilliance {unknown}
 I - 4 potions of cancellation
 J - a potion of berserk rage {unknown}
 K - 2 potions of resistance {unknown}
 N - a potion of haste {unknown}
Miscellaneous
 g - a plain deck of escape
 i - a plain deck of summoning
 r - a plain deck of escape
 w - a plain deck of destruction {drawn: 1}
 y - a plain deck of escape {drawn: 2}
 G - a plain deck of destruction {drawn: 1}
 P - an ornate deck of destruction
 S - a plain deck of escape
 U - a plain deck of destruction
Comestibles
 b - 24 rations


   Skills:
 + Level 9.9 Fighting
 - Level 2.4 Dodging
 - Level 1.0 Stealth
 * Level 15.3 Unarmed Combat


You had 10 spell levels left.
You didn't know any spells.
Your spell library contained the following spells:

 Spells                   Type           Power        Failure   Level  Hunger
 Animate Skeleton         Necr           N/A          38%         1    ##.....
 Apportation              Tloc           #.....       38%         1    ##.....
 Flame Tongue             Conj/Fire      #....        38%         1    ##.....
 Pain                     Necr           #...         38%         1    ##.....
 Summon Butterflies       Summ           #.......     38%         1    ##.....
 Throw Flame              Conj/Fire      #.....       52%         2    ###....
 Call Canine Familiar     Summ           #.......     77%         3    ####...
 Dazzling Spray           Conj/Hex       #.....       77%         3    ####...
 Inner Flame              Hex/Fire       #.......     77%         3    ####...
 Portal Projectile        Hex/Tloc       #.....       77%         3    ####...
 Regeneration             Chrm/Necr      #.........   77%         3    ####...
 Vampiric Draining        Necr           #.........   77%         3    ####...
 Animate Dead             Necr           N/A          99%         4    #####..
 Fulminant Prism          Conj/Hex       #.........   99%         4    #####..
 Aura of Abjuration       Summ           #.........   100%        5    ######.
 Venom Bolt               Conj/Pois      #.........   100%        5    ######.
 Bolt of Fire             Conj/Fire      #.........   100%        6    #######
 Orb of Destruction       Conj           #.........   100%        7    #######
 Ignition                 Fire           #.........   100%        8    #######


Dungeon Overview and Level Annotations

Branches:
Dungeon (10/15)            Temple (0/1) D:7
   Lair: D:8-11         Orc: D:9-12

Altars:
Makhleb
Nemelex Xobeh
Okawaru
Qazlal
Ru
Wu Jian
Zin

Shops:
D:13 [


Innate Abilities, Weirdness & Mutations

You are too large for most types of armour.
You have claws for hands.
Your metabolism is lightning-fast.
You like to eat raw meat.
Your natural rate of healing is unusually fast.
You are covered in fur. (AC +1)
You have very tough skin. (AC +2)
You have sharp toenails.
You can translocate small distances at will.
You are occasionally teleported next to monsters.


Message History

The freezing wraith barely misses you.
The freezing wraith hits you but does no damage.
The death knight hits you but does no damage.
The freezing wraith completely misses you.
The freezing wraith hits you but does no damage.
The freezing wraith hits you.
* * * LOW HITPOINT WARNING * * *
The freezing wraith freezes you!
* * * LOW HITPOINT WARNING * * *
The freezing wraith hits you.
* * * LOW HITPOINT WARNING * * *
The freezing wraith drains your vigour!
You feel as though you will be slow longer.
Unknown command.
Okay, then.
Okay, then.
The death knight offers itself to Yredelemnul, and fills with unholy energy.
The freezing wraith hits you!
You die...
Your body glows with a rainbow of weird colours and disappears.

#..... ...##..
#..... .........
##....
#........## #....
#.........# #....
##.........#
##... #!
##...........
###. ..
#...........# ##
#.#
##.@WW§§.....#
#.. #..Wp§.§§.(.#
#..##...§...§..#
#.#....§.§§§...#
#......§§§.....#
.
#...........##...
. ##.........##
## . ##
##..####...## .
#...###..## #####
.


You could see a death knight, 2 freezing wraiths and a wraith.

Vanquished Creatures
  2 two-headed ogres
  The ghost of Sergey the Cleaver, a novice DDFi of Makhleb (D:8)
  Erica (D:8)
  The ghost of dengdeng the Cleaver, a novice MiBe of Trog (D:8)
  An unseen horror (D:13)
  Pikel (D:8)
  An orange crystal statue (D:10)
  The ghost of kalodont the Covert, a novice KoEn of Yredelemnul (D:8)
  A manticore (D:13)
  A cyclops (D:13)
  Joseph (D:9)
  3 centaur skeletons (D:13)
  A troll (D:13)
  Prince Ribbit (D:8)
  2 shadows (D:13)
  A vampire (D:13)
  A wraith (D:8)
  2 wyverns
  2 hungry ghosts
  A steam dragon (D:9)
  A water moccasin (D:9)
  4 orc warriors
  5 sky beasts
  A black bear (D:10)
  An ice beast (D:5)
  2 phantoms
  A slave (D:8)
  4 ogres
  2 centaurs
  3 big kobolds
  2 bullfrogs
  A gnoll sergeant (D:6)
  A wyvern skeleton (D:9)
  A water moccasin skeleton (D:8)
  7 scorpions
  3 killer bees (D:9)
  9 wights
  A howler monkey (D:8)
  4 crimson imps
  3 centaur zombies
  5 hounds
  7 orc priests
  2 jellies
  2 bullfrog skeletons
  A bullfrog zombie (D:7)
  2 human zombies (Ossuary)
  4 iguanas
  7 orc wizards
  4 worker ants
  A big kobold zombie (Ossuary)
  2 hound skeletons
  A hound zombie (D:8)
  2 mummies (Ossuary)
  6 gnolls
  5 adders
  3 shadow imps
  An adder skeleton (D:5)
  5 adder zombies
  2 worms (D:3)
  2 dart slugs (D:3)
  3 leopard geckos
  27 orcs
  5 giant cockroaches
  8 goblins
  5 hobgoblins
  6 jackals
  4 quokkas
  2 ball pythons (D:3)
  5 bats
  5 frilled lizards
  12 hobgoblin zombies (Ossuary)
  2 jackal skeletons
  A jackal zombie (Ossuary)
  20 kobolds
  10 kobold zombies (Ossuary)
  5 orc zombies (Ossuary)
  5 rats
271 creatures vanquished.

Vanquished Creatures (collateral kills)
  Gastronok (D:9)
  Sigmund (D:6)
  Edmund (D:4)
  A scorpion (D:9)
  A killer bee (D:9)
  A wight (D:9)
  A worker ant (D:6)
  An adder (D:6)
  A quokka skeleton (D:6)
9 creatures vanquished.

Vanquished Creatures (others)
  2 withered plants (D:8)
2 creatures vanquished.

Grand Total: 282 creatures vanquished

Notes
Turn   | Place    | Note
-------+----------+-------------------------------------------
     0 | D:1      | Bapho the Troll Monk began the quest for the Orb.
     0 | D:1      | Reached XP level 1. HP: 22/22 MP: 0/0
   152 | D:1      | Found a sparkling altar of Nemelex Xobeh.
   312 | D:1      | Became a worshipper of Nemelex Xobeh the Trickster
   312 | D:1      | Received a gift from Nemelex Xobeh
   312 | D:1      | Reached * piety under Nemelex Xobeh
   312 | D:1      | Received a gift from Nemelex Xobeh
   312 | D:1      | Reached ** piety under Nemelex Xobeh
   411 | D:1      | Reached XP level 2. HP: 29/29 MP: 1/1
   722 | D:2      | Found an iron altar of Okawaru.
  1103 | D:2      | Found a faded altar of an unknown god.
  1105 | D:2      | Received a gift from Nemelex Xobeh
  1342 | D:3      | Reached skill level 4 in Unarmed Combat
  1342 | D:3      | Reached XP level 3. HP: 34/36 MP: 2/2
  1708 | D:3      | Reached XP level 4. HP: 45/45 MP: 3/3
  2439 | D:4      | Noticed Edmund
  2448 | D:4      | Killed Edmund
  2448 | D:4      | Reached skill level 5 in Unarmed Combat
  2448 | D:4      | Reached XP level 5. HP: 46/53 MP: 4/4
  2466 | D:4      | Found a stormy altar of Qazlal.
  2610 | D:4      | Received a gift from Nemelex Xobeh
  2675 | D:4      | Noticed an ogre
  2682 | D:4      | Killed an ogre
  2706 | D:4      | Reached XP level 6. HP: 57/62 MP: 5/5
  2948 | D:4      | Reached skill level 6 in Unarmed Combat
  3254 | D:4      | Received a gift from Nemelex Xobeh
  3299 | D:5      | Entered Level 5 of the Dungeon
  3513 | D:5      | Noticed a sky beast
  3525 | D:5      | Killed a sky beast
  3532 | D:5      | Reached XP level 7. HP: 36/71 MP: 6/6
  3635 | D:5      | Reached skill level 7 in Unarmed Combat
  3727 | D:5      | Found a burning altar of Makhleb.
  3930 | D:5      | Found a sacrificial altar of Ru.
  4012 | D:5      | Found a sparkling altar of Nemelex Xobeh.
  4012 | D:5      | Found an iron altar of Okawaru.
  4041 | D:5      | Reached *** piety under Nemelex Xobeh
  4264 | D:6      | Identified the Compendium of Heat and Summoning
  4286 | D:6      | Noticed Sigmund
  4293 | D:6      | Reached skill level 8 in Unarmed Combat
  4299 | D:6      | Killed Sigmund
  4299 | D:6      | Reached skill level 5 in Fighting
  4299 | D:6      | Reached XP level 8. HP: 79/80 MP: 7/7
  4341 | D:6      | Received a gift from Nemelex Xobeh
  4974 | D:6      | Reached skill level 9 in Unarmed Combat
  5184 | D:7      | Gained mutation: You are occasionally teleported next to
                  | monsters. [potion of mutation]
  5184 | D:7      | Gained mutation: You can translocate small distances at
                  | will. [potion of mutation]
  5184 | D:7      | Gained mutation: You have sharp toenails. [potion of
                  | mutation]
  5223 | D:7      | Received a gift from Nemelex Xobeh
  5286 | D:7      | Found a sand-covered staircase.
  5292 | Ossuary  | Entered an ossuary
  5691 | D:7      | Reached skill level 10 in Unarmed Combat
  5760 | D:7      | Reached XP level 9. HP: 89/89 MP: 8/8
  5802 | D:7      | Found a staircase to the Ecumenical Temple.
  6048 | D:7      | Reached **** piety under Nemelex Xobeh
  6222 | D:7      | Received a gift from Nemelex Xobeh
  6644 | D:8      | Noticed Erica
  6656 | D:8      | Killed Erica
  6656 | D:8      | Reached skill level 11 in Unarmed Combat
  6696 | D:8      | Noticed Prince Ribbit
  6709 | D:8      | Killed Prince Ribbit
  6818 | D:8      | Reached XP level 10. HP: 86/102 MP: 9/9
  6878 | D:8      | Reached skill level 12 in Unarmed Combat
  6934 | D:8      | Found a runed gate.
  6935 | D:8      | Found a runed gate.
  6936 | D:8      | Found a runed gate.
  6937 | D:8      | Noticed Sergey's ghost (novice DDFi)
  6937 | D:8      | Noticed kalodont's ghost (novice KoEn)
  6938 | D:8      | Noticed dengdeng's ghost (novice MiBe)
  6953 | D:8      | Found a glowing silver altar of Zin.
  7092 | D:8      | Received a gift from Nemelex Xobeh
  7107 | D:8      | Noticed a two-headed ogre
  7117 | D:8      | Killed a two-headed ogre
  7154 | D:8      | Found an ornate altar of the Wu Jian Council.
  7244 | D:8      | Identified the Almanac of Blistering Orientation
  7308 | D:8      | Noticed Pikel
  7318 | D:8      | Killed Pikel
  7638 | D:8      | Killed kalodont's ghost
  7638 | D:8      | Reached skill level 13 in Unarmed Combat
  7643 | D:8      | Killed Sergey's ghost
  7651 | D:8      | Killed dengdeng's ghost
  7988 | D:9      | Noticed a two-headed ogre
  8000 | D:9      | Killed a two-headed ogre
  8000 | D:9      | Reached XP level 11. HP: 88/113 MP: 10/10
  8176 | D:9      | Identified Warecre's Incunabulum of Battle Magic
  8291 | D:9      | Noticed Gastronok
  8307 | D:9      | Killed Gastronok
  8307 | D:9      | Reached skill level 14 in Unarmed Combat
  8663 | D:9      | Noticed Joseph
  8675 | D:9      | Killed Joseph
  8797 | D:10     | Entered Level 10 of the Dungeon
  8904 | D:10     | Noticed an orange crystal statue
  8907 | D:10     | Killed an orange crystal statue
  8908 | D:10     | Noticed a cyan ugly thing
  8911 | D:10     | Received a gift from Nemelex Xobeh
  8913 | D:10     | You fall through a shaft for 3 floors!
  8938 | D:13     | Reached skill level 15 in Unarmed Combat
  9101 | D:13     | Found Yxtek's Antique Armour Boutique.
  9107 | D:13     | Bought a spiked cloak for 256 gold pieces
  9112 | D:13     | Identified the +3 cloak "Ytiycim" {*Drain +Inv rN+ Int+3}
                  | (You bought it in a shop on level 13 of the Dungeon)
  9133 | D:13     | Reached ***** piety under Nemelex Xobeh
  9304 | D:13     | Noticed an unseen horror
  9309 | D:13     | Killed an unseen horror
  9342 | D:13     | Received a gift from Nemelex Xobeh
  9427 | D:13     | Noticed a death knight
  9435 | D:13     | HP: 3/117 [freezing wraith[a death knight] (4)]
  9437 | D:13     | Slain by a freezing wraith

Skill      XL: |  1  2  3  4  5  6  7  8  9 10 11 |
---------------+----------------------------------+-----
Unarmed Combat | 4 5 6 8 10 11 13 15 | 15.3
Fighting       | 3 4 5 6 7 8 9 |  9.9
Dodging        | |  2.4
Stealth        | |  1.0

Action                   |  1- 3 |  4- 6 |  7- 9 | 10-12 || total
-------------------------+-------+-------+-------+-------++-------
Melee: Unarmed           |    83 |    92 |   281 |   222 ||   678
       Punch             |     1 |     1 |    10 |    12 ||    24
       Kick              |       |       |    46 |    73 ||   119
Throw: Stone             |   119 |    75 |   185 |   138 ||   517
Evoke: Deck              |       |     1 |     4 |    12 ||    17
  Use: Scroll            |       |     4 |     4 |       ||     8
       Potion            |       |       |     1 |       ||     1
 Stab: Sleeping          |       |       |     1 |       ||     1
       Distracted        |       |       |       |     2 ||     2
  Eat: Chunk             |    21 |    14 |    43 |    24 ||   102
Armor: Robe              |    20 |    16 |    54 |    27 ||   117
       Steam dragon scal |       |       |       |    26 ||    26
Dodge: Dodged            |    37 |    32 |   102 |   117 ||   288
